 Dungeon Sprint DCSS version 0.30-a0-956-gcec3b41aec (webtiles) character file.

Game seed: 13148185349408347482

20 sircluck the Chopper (level 2, -5/28 (29) HPs)
             Began as a Hill Orc Berserker on Mar 29, 2023.
             Was a Priest of Trog.
             Slain by a wight
             ... wielding a +4 morningstar of freezing
              (12 damage)
             ... in the Dungeon (Sprint VII: "The Pits").
             The game lasted 00:01:09 (100 turns).

sircluck the Chopper (Hill Orc Berserker)            Turns: 100, Time: 00:01:11

HP:   -5/28 (29)    AC:  2    Str: 19    XL:     2   Next: 79%
MP:   2/2           EV: 12    Int:  7    God:    Trog [***...]
Gold: 0             SH:  0    Dex: 10    Spells: 1/1 levels left

rFire   . . .      SeeInvis .    a - +0 hand axe
rCold   . . .      Faith    .    (no shield)
rNeg    . . .      Spirit   .    b - +0 animal skin
rPois   .          Reflect  .    (no helmet)
rElec   .          Rampage  .    (no cloak)
rCorr   .          NoTele   +    (no gloves)
Will    .....                    (no boots)
Stlth   +                        (no amulet)
HPRegen 0.24/turn                (no ring)
MPRegen 0.08/turn                (no ring)

@: lightly drained
A: no striking features
a: Renounce Religion, Berserk, Trog's Hand


You were in the Dungeon.
You worshipped Trog.
Trog was most pleased with you.
You visited 1 branch

Inventory:

Hand Weapons
 a - a +0 hand axe (weapon)
 n - a +2 hand axe
 o - a +2 mace
Missiles
 m - 10 stones (quivered)
Armour
 b - a +0 animal skin (worn)
Scrolls
 h - a scroll of blinking
 j - a scroll of summoning
 k - 5 scrolls of amnesia
 l - 2 scrolls of vulnerability
Potions
 c - a potion of curing
 d - a potion of heal wounds
 e - a potion of haste
 f - 4 potions of magic
 g - 3 potions of berserk rage
 i - 2 potions of invisibility


   Skills:
 + Level 5.2 Fighting
 + Level 6.0 Axes
 + Level 2.7 Armour
 + Level 2.2 Dodging


You had one spell level left.
You didn't know any spells.
Your spell library was empty.

Dungeon Overview and Level Annotations

Branches:
Dungeon (1/1)

Altars:
Ashenzari
Cheibriados
Dithmenos
Elyvilon
Fedhas
Gozag
Hepliaklqana
Kikubaaqudgha
Makhleb
Nemelex Xobeh
Okawaru
Qazlal
Ru
Sif Muna
Trog
Uskayaw
Vehumet
Wu Jian
Xom
Yredelemnul
Zin
The Shining One
Beogh
Jiyva
Lugonu


Message History

The orc shouts!
There is an open door here.
You hit the wight but do no damage. You hit the wight. You hit the orc.
The wight closely misses you. The wight barely misses you.
The orc barely misses you. The wight barely misses you. x2
The orc hits you with a +0 whip.
The wight hits you with a +0 short sword!
You are too injured to fight recklessly!
You are too injured to fight recklessly!
You are too injured to fight recklessly!
You are too injured to fight recklessly!
You are too injured to fight recklessly!
You are too injured to fight recklessly!
You are too injured to fight recklessly!
You are too injured to fight recklessly!
You are too injured to fight recklessly!
You are too injured to fight recklessly!
You are too injured to fight recklessly!
You hit the wight but do no damage.
The wight is lightly damaged.
You hit the orc.
You kill the orc!
Trog accepts your kill.
You hit the wight but do no damage. The wight misses you.
The wight barely misses you. x2
Your Axes skill increases to level 6!
Cleave: a) +0 hand axe
Press: ? - help, Dir - move target, f - frilled lizard
Aim: a frilled lizard (about 54% to evade your +0 hand axe)
You hit the frilled lizard.
You kill the frilled lizard!
Trog accepts your kill.
You closely miss the wight. You hit the wight but do no damage.
The wight hits you with a +0 short sword.
* * * LOW HITPOINT WARNING * * *
You feel drained.
* * * LOW HITPOINT WARNING * * *
The wight barely misses you.
The wight hits you with a +4 morningstar of freezing!
You die...

#....')).'.##......#..#
##########.##..........
#...........'...........
#+#####†#####......#..#.
#.....##...........
#####'#####'#####+
#...).##.......#
#.....##.......#
###@####.......#
#zzzr.##...<...#
........##.......#
#........##.......#
###########.......#
#########


You could see 3 wights and a river rat.

Vanquished Creatures
  A gnoll (D)
  An orc (D)
  2 hobgoblins (D)
  3 jackals (D)
  A frilled lizard (D)
  A rat (D)
9 creatures vanquished.

Notes
Turn   | Place    | Note
-------+----------+-------------------------------------------
     0 | D        | sircluck the Hill Orc Berserker began the quest for the
                  | Orb.
     0 | D        | Reached XP level 1. HP: 19/19 MP: 1/1
    42 | D        | Found a bloodstained altar of Trog.
    42 | D        | Found a shimmering blue altar of Sif Muna.
    42 | D        | Found a viscous altar of Jiyva.
    42 | D        | Found a hazy altar of Hepliaklqana.
    42 | D        | Found an opulent altar of Gozag.
    43 | D        | Found a glowing golden altar of the Shining One.
    43 | D        | Found a glowing silver altar of Zin.
    43 | D        | Found a basalt altar of Yredelemnul.
    43 | D        | Found a shimmering altar of Xom.
    43 | D        | Found an ornate altar of the Wu Jian Council.
    43 | D        | Found a sacrificial altar of Ru.
    43 | D        | Found a stormy altar of Qazlal.
    43 | D        | Found an iron altar of Okawaru.
    43 | D        | Found a sparkling altar of Nemelex Xobeh.
    43 | D        | Found a burning altar of Makhleb.
    43 | D        | Found a blossoming altar of Fedhas.
    43 | D        | Found a white marble altar of Elyvilon.
    43 | D        | Found a shadowy altar of Dithmenos.
    43 | D        | Found a snail-covered altar of Cheibriados.
    45 | D        | Found a radiant altar of Vehumet.
    45 | D        | Found a corrupted altar of Lugonu.
    45 | D        | Found a roughly hewn altar of Beogh.
    46 | D        | Found a hide-covered altar of Uskayaw.
    46 | D        | Found an ancient bone altar of Kikubaaqudgha.
    46 | D        | Found a broken altar of Ashenzari.
    64 | D        | Reached ** piety under Trog
    66 | D        | Reached skill level 5 in Axes
    78 | D        | Reached XP level 2. HP: 22/28 MP: 2/2
    88 | D        | Reached *** piety under Trog
    89 | D        | Reached skill level 5 in Fighting
    97 | D        | Noticed a wight
    97 | D        | Noticed a wight
    97 | D        | Noticed a wight
   100 | D        | Reached skill level 6 in Axes
   100 | D        | Slain by a wight

Illustrated notes

Levels and vault maps discovered:
D:        pitsprint [storerooms_1, entrance_room_1, metal_vault_2, armoury_2,
          mini_pit_1, grid_room_1, main_hall_1, silver_pit, the_coven_3,
          the_vestibule_1, steel_vault_2, golden_pit, hallway_of_sentries,
          crystal_vault_6, iron_vault_2, final_vault]

Skill      XL: |  1  2 |
---------------+-------+-----
Fighting       | 4 5 |  5.2
Axes           | 5 6 |  6.0
Dodging        | 2 |  2.2
Armour         | |  2.7

Action                     || total
---------------------------++-------
  Melee: Hand axe          ||    32
 Armour: Animal skin       ||     5
  Dodge: Dodged            ||    37

Table legend: (Time is in decaauts)
 A = Elapsed time spent in this place.
 B = Non-inter-level travel time spent in this place.
 C = Inter-level travel time spent in this place.
 D = Time resting spent in this place.
 E = Time spent auto-exploring this place.
 F = Levels seen in this place.
 G = Mean time per level.
                   A        B        C        D        E       F      G
               +--------+--------+--------+--------+--------+-----+--------+
         Total |    102 |     83 |     19 |      0 |      0 |   1 |  102.0 |
       Dungeon |    102 |     83 |     19 |      0 |      0 |   1 |  102.0 |
               +--------+--------+--------+--------+--------+-----+--------+

Top non-repeatable levels by time:
       D: 102 daAuts
